AoeStats
← LeMeow

MegaRandom

508179119Analyzed
2v2 RM · 11d ago on Sep 21, 2026· 28m 15s· 4 players
Game mode
Random Map
Map size
Medium (4 player)
Population
200
Speed
Normal
Resources
Standard
Victory
Conquest
Starting age
Dark Age
Ending age
Imperial Age
RankedLock teamsTeams togetherTeam positionsShared explorationLock speedFull tech treeHidden civsTurbo modeCheats
Victory
Defeat
🇻🇳 Spanish · Vietnam
1332
+17
🇹🇼 Mongols · Taiwan
1319
+18
🇦🇺 Spanish · Australia
1380
-18
🇲🇽 Khmer · Mexico
1343
-17
LeMeow
5:14 Loom
14:16 Feudal Age
14:56 Double-Bit Axe
20:28 Castle Age
24:00 Town Watch
24:10 Fletching
ProlixJapan
8:28 Loom
11:21 Feudal Age
12:28 Double-Bit Axe
13:06 Horse Collar
17:20 Town Watch
19:54 Castle Age
19:20 Forging
19:15 Scale Barding Armor
19:18 Gold Mining
20:19 Wheelbarrow
20:13 Bloodlines
21:21 Bow Saw
23:05 Husbandry
25:36 Iron Casting
Casualstone
5:04 Loom
11:40 Feudal Age
16:21 Castle Age
15:59 Fishing Lines
16:25 Gold Mining
18:21 Medium Warships
19:52 Medium Warships
23:44 Horse Collar
JonMar
7:03 Loom
12:42 Feudal Age
13:38 Town Watch
13:37 Horse Collar
13:46 Double-Bit Axe
15:25 Forging
16:21 Bloodlines
17:34 Scale Barding Armor
24:46 Castle Age
28:25 Wheelbarrow
Connection lost

Rejoining the realm…

Still unreachable

The connection could not be restored.

Session expired

The server has moved on; the page needs a fresh start.